cohdb
Replays
Latest Replays
All Replays
Popular Replays
Top Player Replays
Match Explorer
How It Works
Community
CoH3 Stats
Reddit
Sign in to upload your games and track your stats! →
Sign in with Steam
Match 40741605
Unlisted
Match 40741605
Overview
Messages
Build Orders
End
Vickers Machine Gun Team
Construct Section Command Post
Infantry Section
Infantry Section
Infantry Section
Construct Platoon Command Post
Selects Heavy Armor Battlegroup
Unlock M3 Stuart Light Tanks
Grenade Package
6-pounder Anti-tank Gun Team
M3 Stuart Light Tank
Selects Rigorous Vehicle Training
M3 Stuart Light Tank
Infantry Section
Selects Forward Repair Assembly
Selects Forward Repair Assembly
Selects Light Vehicle Withdraw and Refit
Infantry Section
6-pounder Anti-tank Gun Team
Construct Field Infirmary
Vickers Machine Gun Team
Construct Company Command Post
Selects UNKNOWN (2162094)
Selects UNKNOWN (202330)
Selects Recon Artillery
Plykin
aznovo123
Jey
Dr. Toblerone
Nashorn101
abc423980
0
0
Comments
sign in to comment!
No comments posted yet!